 Dungeon Crawl Stone Soup version 0.27-a0-34-gc18c9092ac (webtiles) character file.

Game seed: 6182363174494762639

187 hehateme the Cudgeller (level 5, -3/32 HPs)
             Began as a Kobold Gladiator on Jan 5, 2021.
             Killed by nerve-wracking pain
             ... invoked by an orc priest
              (6 damage)
             ... on level 2 of the Dungeon.
             The game lasted 00:02:38 (3618 turns).

hehateme the Cudgeller (Kobold Gladiator)           Turns: 3618, Time: 00:02:38

Health: -3/32      AC:  4    Str: 12    XL:     5   Next: 99%
Magic:  5/5        EV: 16    Int: 10    God:
Gold:   132        SH:  0    Dex: 16    Spells: 4/4 levels left

rFire    . . .     SeeInvis .   a - +0 flail
rCold    . . .     Faith    .   (shield restricted)
rNeg     . . .     Spirit   .   b - +0 leather armour
rPois    .         Reflect  .   c - +0 helmet
rElec    .         Harm     .   (no cloak)
rCorr    .         Rampage  .   (no gloves)
Will     .....                  (no boots)
Stlth    ++........             (no amulet)
HPRegen  0.10/turn              (no ring)
MPRegen  0.09/turn              (no ring)

@: no status effects
A: small, nightstalker 3
a: no special abilities


You were on level 2 of the Dungeon.
You visited 1 branch of the dungeon, and saw 3 of its levels.

You collected 132 gold pieces.

Inventory:

Hand Weapons
 a - a +0 flail (weapon)
Missiles
 d - a boomerang (quivered)
 j - 4 silver javelins
 m - 41 stones
 s - 3 throwing nets {=f}
 Q - 38 arrows
Armour
 b - a +0 leather armour (worn)
 c - a +0 helmet (worn)
Jewellery
 g - an uncursed ring of poison resistance {unknown}
Wands
 f - a wand of flame (16)
Scrolls
 e - 2 scrolls of amnesia {unknown}
 i - 2 scrolls of remove curse {unknown}
 l - a scroll of fog {unknown}
 n - a scroll of identify {unknown}
 o - a scroll of magic mapping {unknown}
 p - a scroll of random uselessness {unknown}
Potions
 q - a potion of curing {unknown}
 r - a potion of brilliance {unknown}


   Skills:
 + Level 3.6 Fighting
 * Level 4.4 Maces & Flails
 - Level 2.1 Throwing
 + Level 1.9 Armour
 - Level 3.6 Dodging


You had 4 spell levels left.
You didn't know any spells.
Your spell library was empty.

Dungeon Overview and Level Annotations

Branches:
Dungeon (3/15)

Altars:


Innate Abilities, Weirdness & Mutations

You are small and have problems with some larger weapons.
You are completely attuned to the shadows.


Message History

GAME OVER YEAH!!
You hit the orc priest. The orc misses you.
The orc priest invokes the aid of Beogh against you.
Beogh smites you!
* * * LOW HITPOINT WARNING * * *
You take 14 damage, and have 8/32 hp.
GAME OVER YEAH!!
You hit the orc priest. The orc hits you but does no damage.
The orc priest hits you with a +0 hand axe.
* * * LOW HITPOINT WARNING * * *
You take 3 damage, and have 5/32 hp.
You barely miss the orc priest.
The orc priest hits you with a +0 hand axe.
* * * LOW HITPOINT WARNING * * *
The orc misses you.
You take 2 damage, and have 3/32 hp.
It was a potion of cancellation.
You feel magically purged.
The orc priest mumbles some strange prayers to Beogh against you.
Pain shoots through your body!
You die...

#.# #............ #.#
#.'########'. #.# #.#........#.
#.# #.#.+####'.#. #.#
#.#.#....#.#. ##.## #.#.#.##.#.#.
##...###.#.#)##.#.#. #####
#.o......#.#....#.#.
##...#########..@o###.#.'####'.#.
#................## #.#........#.
#...).########...# #.'########+.
#.....# ###.# #............
#.....# ##'## #..######.#^.
#.....# ##...###.## #.......
###.#### ##.....##.# #.#...#.
#.##.## ##.........# ##..#.#..
###.#...####.........####......#.

Skill      XL: |  1  2  3  4  5 |
---------------+----------------+-----
Maces & Flails | 3 4 |  4.4
Armour         | 1 |  1.9
Fighting       | 3 |  3.6
Throwing       | |  2.1
Dodging        | |  3.6

Notes
Turn   | Place    | Note
-------+----------+-------------------------------------------
     0 | D:1      | hehateme the Kobold Gladiator began the quest for the Orb.
     0 | D:1      | Reached XP level 1. HP: 12/12 MP: 1/1
   358 | D:1      | Reached XP level 2. HP: 18/18 MP: 2/2
   371 | D:1      | Reached skill level 3 in Maces & Flails
  1136 | D:2      | Reached XP level 3. HP: 17/22 MP: 3/3
  2163 | D:2      | Reached skill level 1 in Armour
  2537 | D:3      | Reached skill level 3 in Fighting
  2537 | D:3      | Reached XP level 4. HP: 28/28 MP: 4/4
  2538 | D:3      | Noticed Jessica
  2547 | D:3      | Killed Jessica
  2548 | D:3      | Reached XP level 5. HP: 26/32 MP: 5/5
  2630 | D:3      | Reached skill level 4 in Maces & Flails
  2689 | D:2      | HP: 7/32 [orc/cursed +0 dagger (3)]
  2690 | D:2      | HP: 2/32 [orc/cursed +0 dagger (5)]
  3615 | D:2      | HP: 8/32 [orc priest/divine providence (15)]
  3617 | D:2      | HP: 3/32 [orc priest/+0 hand axe (2)]
  3618 | D:2      | Killed from afar by an orc priest

Table legend: (Time is in decaauts)
 A = Elapsed time spent in this place.
 B = Non-inter-level travel time spent in this place.
 C = Inter-level travel time spent in this place.
 D = Time resting spent in this place.
 E = Time spent auto-exploring this place.
 F = Levels seen in this place.
 G = Mean time per level.
                   A        B        C        D        E       F      G
               +--------+--------+--------+--------+--------+-----+--------+
         Total |   3664 |   3567 |     97 |    917 |   2292 |   3 | 1221.3 |
       Dungeon |   3664 |   3567 |     97 |    917 |   2292 |   3 | 1221.3 |
               +--------+--------+--------+--------+--------+-----+--------+

Top non-repeatable levels by time:
     D:2: 1932 daAuts
     D:1: 1147 daAuts
     D:3: 584 daAuts

Table legend:
 A = Kills in this place as a percentage of kills in entire the game.
 B = Kills by you in this place as a percentage of kills by you in the entire game.
 C = Kills by friends in this place as a percentage of kills by friends in the entire game.
 D = Other kills in this place as a percentage of other kills in the entire game.
 E = Experience gained in this place as a percentage of experience gained in the entire game.
 F = Experience gained in this place divided by the number of levels of this place that you have seen.
                   A       B       C       D       E      F
               +-------+-------+-------+-------+-------+----------------------
         Total | 100.0 | 100.0 |   N/A |   N/A | 100.0 |  89.3
       Dungeon | 100.0 | 100.0 |   N/A |   N/A | 100.0 |  89.3
               +-------+-------+-------+-------+-------+----------------------

Action                   |  1- 3 |  4- 6 || total
-------------------------+-------+-------++-------
Melee: Flail             |    71 |    48 ||   119
Throw: Boomerang         |    14 |    16 ||    30
       Stone             |    39 |     1 ||    40
       Throwing net      |       |     3 ||     3
  Use: Potion            |       |     2 ||     2
 Stab: Sleeping          |     2 |     1 ||     3
Armor: Leather armour    |    18 |    14 ||    32
Dodge: Dodged            |    53 |    69 ||   122

Vanquished Creatures
  A howler monkey (D:3)
  2 orc wizards (D:3)
  Jessica (D:3)
  2 adders (D:2)
  2 worms
  8 orcs
  5 giant cockroaches
  6 goblins
  2 hobgoblins
  2 jackals (D:1)
  4 bats
  3 frilled lizards
  3 kobolds
  6 rats
47 creatures vanquished. You could see an orc priest and an orc.

Levels and vault maps discovered:
D:1:      amcnicky_arrival_feature_with_door, layout_loops_corners,
          serial_bayou_ford_a
D:2:      layout_loops_corners, minivault_11
D:3:      layout_loops_ring, uniq_crazy_yiuf_cottage, uniq_grinder, uniq_jessica
